 Dungeon Crawl Stone Soup version 0.31.0-12-g77e489cdc1 (webtiles) character file.

Game seed: 7035417079523432137

328 Arctor the Magician (level 6, -1/32 HPs)
             Began as a Deep Elf Fire Elementalist on Feb 13, 2024.
             Engulfed by a cloud of steam (7 damage)
             ... on level 4 of the Dungeon.
             The game lasted 00:03:35 (5118 turns).

Arctor the Magician (Deep Elf Fire Elementalist)    Turns: 5118, Time: 00:03:36

Health: -1/32      AC:  3    Str:  5    XL:     6   Next: 25%
Magic:  5/15       EV: 13    Int: 22    God:
Gold:   252        SH:  0    Dex: 15    Spells: 11/14 levels left

rFire   . . .        (no weapon)
rCold   . . .        (no shield)
rNeg    . . .        a - +0 robe
rPois   .            (no helmet)
rElec   .            f - +0 cloak
rCorr   .            (no gloves)
SInv    .            (no boots)
Will    .....        (no amulet)
Stlth   +++          (no ring)
HPRegen 0.25/turn    (no ring)
MPRegen 0.14/turn

%: no passive effects
@: very slightly contaminated
A: no striking features
a: no special abilities


You were on level 4 of the Dungeon.
You visited 1 branch of the dungeon, and saw 4 of its levels.

You collected 252 gold pieces.

Inventory:

Armour
 a - a +0 robe (worn)
 f - a +0 cloak (worn)
Jewellery
 l - an amulet of faith
Wands
 m - a wand of paralysis (9)
Scrolls
 c - 4 scrolls of teleportation {unknown}
 e - a scroll of enchant armour
 h - a scroll of immolation {unknown}
 i - 2 scrolls of fear {unknown}
 j - 2 scrolls of identify
Potions
 b - 3 potions of magic
 d - a potion of brilliance {unknown}
 g - a potion of curing {unknown}
 k - a potion of lignification {unknown}
 n - a potion of heal wounds {unknown}


   Skills:
 + Level 4.2 Dodging
 + Level 4.3 Stealth
 + Level 4.7 Spellcasting
 + Level 3.0 Conjurations
 + Level 4.5 Fire Magic


You had 11 spell levels left.
You knew the following spells:

 Your Spells              Type           Power      Damage    Failure   Level
a - Foxfire               Conj/Fire      88%        2x1d8     2%          1
b - Scorch                Fire           50%        2d7       2%          2

Your spell library contained the following spells:

 Spells                   Type           Power      Damage    Failure   Level
 Magic Dart               Conj           72%        1d6       3%          1
 Sting                    Conj/Alch      48%        1d6       5%          1
 Apportation              Tloc           10%        N/A       11%         1
 Necrotise                Necr           20%        1d5       11%         1
 Summon Small Mammal      Summ           20%        N/A       11%         1
 Inner Flame              Hex/Fire       15%        N/A       12%         3
 Volatile Blastmotes      Fire/Tloc      30%        2d12      12%         3
 Blink                    Tloc           10%        N/A       16%         2
 Call Imp                 Summ           10%        N/A       16%         2
 Ensorcelled Hibernation  Hex/Ice        10%        N/A       16%         2
 Sublimation of Blood     Necr           5%         N/A       16%         2
 Flame Wave               Conj/Fire      22%        2d8       22%         4
 Passwall                 Erth           5%         N/A       30%         3
 Swiftness                Air            5%         N/A       30%         3
 Manifold Assault         Tloc           5%         N/A       71%         4
 Petrify                  Alch/Erth      5%         N/A       71%         4
 Irradiate                Conj/Alch      6%         3d13      83%         5
 Dispersal                Tloc           2%         N/A       100%        6
 Disjunction              Tloc           2%         N/A       100%        8


Dungeon Overview and Level Annotations

Branches:
Dungeon (4/15)
 Temple: D:4-7

Altars:

Shops:
D:2 !


Message History

You now have 252 gold pieces (gained 9).
n - a clear potion You conjure some foxfire!
Your foxfire dissipates!
A steam dragon comes into view.
Casting: Foxfire (safe; 2% risk of failure)
Confirm with . or Enter, or press ? or * to list all spells.
You miscast Foxfire.
You are very lightly contaminated with residual magic.
Nothing appears to happen.
You conjure some foxfire!
A steam dragon is nearby!
The foxfire hits the steam dragon but does no damage.
The steam dragon hisses angrily.
Casting: Foxfire (safe; 2% risk of failure)
Confirm with . or Enter, or press ? or * to list all spells.
Flames lash the steam dragon.
The steam dragon is moderately wounded.
The steam dragon's fire resistance burns away.
The steam dragon breathes steam at you. The ball of steam hits you!
Casting: Scorch (safe; 2% risk of failure)
Confirm with . or Enter, or press ? or * to list all spells.
Flames lash the steam dragon.
The steam dragon is burned terribly!
The steam dragon is heavily wounded.
You are engulfed in a cloud of scalding steam.
The steam dragon barely misses you. x2
Casting: Scorch (safe; 2% risk of failure)
Confirm with . or Enter, or press ? or * to list all spells.
Flames lash the steam dragon.
The steam dragon is burned terribly!
The steam dragon is severely wounded.
You are engulfed in a cloud of scalding steam.
The steam dragon barely misses you. The steam dragon claws you.
* * * LOW HITPOINT WARNING * * *
Casting: Scorch (safe; 2% risk of failure)
Confirm with . or Enter, or press ? or * to list all spells.
Flames lash the steam dragon.
The steam dragon is burned terribly!
You kill the steam dragon!
You are engulfed in a cloud of scalding steam.
You die...

######### ........# #@# #v# #.###
######### #.#.. ........#
############ #.#.###########.##
...........# #.#.##............
##...... ..# #.#.##.########.#.
#......###.#####.#.##.# #.#.
..............##.#.##.########.#.


There were no monsters in sight!

Vanquished Creatures
  A steam dragon (D:4)
  A hound (D:4)
  An orc priest (D:3)
  An iguana (D:4)
  Ijyb (D:4)
  Terence (D:2)
  2 orc wizards (D:4)
  Robin (D:2)
  3 adders
  A dart slug (D:4)
  A ribbon worm (D:4)
  7 orcs
  7 endoplasms
  4 giant cockroaches
  11 goblins
  11 hobgoblins
  9 kobolds
  2 quokkas
  9 ball pythons
  11 bats
  4 frilled lizards
  4 rats
93 creatures vanquished.

Vanquished Creatures (collateral kills)
  9 foxfires (D:3)
9 creatures vanquished.

Vanquished Creatures (others)
  495 foxfires
495 creatures vanquished.

Grand Total: 597 creatures vanquished

Notes
Turn   | Place    | Note
-------+----------+-------------------------------------------
     0 | D:1      | Arctor the Deep Elf Fire Elementalist began the quest for
                  | the Orb.
     0 | D:1      | Reached XP level 1. HP: 10/10 MP: 6/6
   374 | D:1      | Reached XP level 2. HP: 15/15 MP: 4/8
  1138 | D:2      | Learned a level 2 spell: Scorch
  1160 | D:2      | Reached XP level 3. HP: 19/19 MP: 6/9
  1233 | D:2      | Noticed Terence
  1253 | D:2      | Killed Terence
  1350 | D:2      | Noticed Robin
  1419 | D:2      | Killed Robin
  1420 | D:2      | Reached XP level 4. HP: 24/24 MP: 6/11
  2200 | D:2      | Found Usotuzirus's Distillery.
  3092 | D:3      | Reached XP level 5. HP: 13/28 MP: 6/13
  3768 | D:3      | Found a faded altar of an unknown god.
  4604 | D:4      | Reached XP level 6. HP: 32/32 MP: 9/14
  4794 | D:4      | Noticed Ijyb
  4806 | D:4      | Killed Ijyb
  5111 | D:4      | Noticed a steam dragon
  5118 | D:4      | Killed a steam dragon
  5118 | D:4      | Engulfed by a cloud of steam

Illustrated notes

Levels and vault maps discovered:
D:1:      minmay_arrival_semitransparent, layout_rooms, grunt_decor_resistance
D:2:      layout_loops_ring, serial_shops, shop, uniq_terence, uniq_robin
D:3:      layout_basic, dreamdust_ecumenical_altar_hidden_monk_grotto
D:4:      layout_loops_ring, kennysheep_orc_chapel, uniq_ijyb

Skill      XL: |  1  2  3  4  5  6 |
---------------+-------------------+-----
Dodging        | 3 4 |  4.2
Stealth        | 3 4 |  4.3
Conjurations   | 2 3 |  3.0
Spellcasting   | 4 |  4.7
Fire Magic     | 4 |  4.5

Action                     |  1- 3 |  4- 6 || total
---------------------------+-------+-------++-------
  Melee: Unarmed           |     1 |     2 ||     3
   Cast: Foxfire           |    86 |   231 ||   317
         Scorch            |     6 |    17 ||    23
    Use: Scroll            |     1 |       ||     1
         Potion            |     1 |       ||     1
 Armour: Robe              |    21 |    15 ||    36
  Dodge: Dodged            |    23 |    18 ||    41
